[Event "Reykjavik Open 2022"]
[Site "Reykjavik"]
[Date "2022.04.10"]
[Round "6.13"]
[White "Brunello, Marina"]
[Black "Peng, Li Min"]
[Result "0-1"]
[ECO "C41"]
[WhiteElo "2352"]
[BlackElo "2498"]
[Annotator "TA"]
[PlyCount "118"]
[EventDate "2022.04.06"]
[EventCountry "ISL"]
[SourceTitle "playchess.com"]
[Source "ChessBase"]
[SourceQuality "1"]
[TimeControl "40/5400+30:1800+30"]

1. e4 d6 2. d4 Nf6 3. Nc3 e5 4. Nf3 Nbd7 5. Bc4 Be7 6. O-O O-O 7. Re1 c6 8. a4 b6 {[%emt 0:00:06] 8...b6 has become a bit dusty these days.} 9. b3 Bb7 {[%emt 0:00:26] C41: Philidor Defence.} 10. Bb2 Qc7 11. Bd3 Rfe8 {[%emt 0:00:12] White has an edge.} 12. Ne2 Bf8 13. Ng3 Rad8 {[%emt 0:02:52] [#]} 14. c4 $146 ({Predecessor:} 14. Qd2 g6 15. Rad1 Bg7 16. Qc1 exd4 17. Bxd4 d5 18. Bxf6 dxe4 19. Bxg7 Kxg7 20. Nxe4 {1-0 (34) Ambarcumova,K (2332)-Haverkamp,K (1987) Cappelle la Grande 2011}) 14... exd4 15. Nxd4 a5 (15... d5 $11 {keeps the balance.}) 16. Rc1 (16. Ndf5 {is more complex.} d5 17. cxd5 cxd5 18. Nh5) 16... g6 17. f4 (17. Qd2 {feels hotter.} Ng4 18. Be2 Bh6 19. f4) 17... Bh6 18. Qf3 Bg7 19. Bb1 Qb8 20. Bc3 (20. Ngf5 {looks sharper.} Bf8 21. Rcd1 c5 22. Nb5) 20... d5 {[%emt 0:08:41] [#]} 21. cxd5 cxd5 22. e5 Ne4 23. Nxe4 (23. Ngf5 {keeps more tension.} Bf8 24. Qh3 gxf5 25. Bxe4 dxe4 26. Qg3+) 23... dxe4 24. Bxe4 Bxe4 25. Qxe4 Nc5 26. Qf3 Qa8 27. Qxa8 Rxa8 28. Rcd1 {[%emt 0:00:07] Prevents Nd3.} (28. Rb1 $14) 28... Red8 (28... Rad8 $11) 29. g4 (29. g3 $14) 29... Rac8 $11 30. Ba1 Rd5 31. Kf1 Rcd8 {[%emt 0:00:18][%cal Oc5b3] Strongly threatening ...Nxb3!} 32. Ke2 g5 33. Nc6 Rxd1 34. Rxd1 Rxd1 35. Kxd1 {[%emt 0:00:03] Bd4 is the strong threat.} Nxb3 {[%emt 0:00:40][%mdl 4096] Endgame KBN-KBN} 36. Bc3 {[%emt 0:00:09] Hoping for f5.} Nc5 37. f5 Nxa4 38. Bd4 (38. Bd2 $11) 38... Bf8 $1 $15 39. Kc2 Bc5 $1 40. Ba1 $1 Bg1 41. h3 ({Not} 41. e6 $2 fxe6 42. fxe6 Nc5 $19) 41... Kf8 42. Kb3 Nc5+ 43. Kc4 Ke8 44. Kd5 {[%emt 0:00:31] White is now going downhill.} (44. Na7 $15) 44... Nd3 $17 45. Kd6 (45. Ke4 $17 Nf4 46. h4) 45... Bc5+ 46. Kc7 a4 {[%emt 0:00:18][%cal Ba5a4,Ba4a3][%mdl 32] White must now prevent ...b5.} 47. Nd8 $2 (47. Na7) 47... b5 $19 {[%emt 0:05:11] Black is clearly winning.} 48. Nb7 b4 49. Nd6+ Kf8 50. Kd7 b3 51. Nxf7 a3 (51... Kxf7 $2 52. e6+ Kg8 53. f6 $18) 52. e6 Nf4 (52... b2 $142 53. Bxb2 axb2) 53. Bd4 {[%emt 0:13:37] [#]} Nxe6 $1 54. fxe6 Be7 {[%emt 0:00:05] And now ...b2 would win.} 55. Bb6 b2 56. Bd8 Bb4 ({And not} 56... Bxd8 57. Nxd8 Kg7 58. e7 $11) 57. Nxg5 b1=Q {[%emt 0:00:15] ( -> ...Qd3+)} 58. e7+ {[%emt 0:00:03] [#]} Bxe7 $1 59. Bxe7+ Kg8 {[%emt 0:00:02] Weighted Error Value: White=0.63/Black=0.21 (precise)} 0-1

[Event "Reykjavik Open 2022"]
[Site "Reykjavik"]
[Date "2022.04.10"]
[Round "6.14"]
[White "Cummings, David H."]
[Black "Stefansson, Vignir Vatnar"]
[Result "1-0"]
[ECO "A85"]
[WhiteElo "2327"]
[BlackElo "2484"]
[Annotator "TA"]
[PlyCount "75"]
[EventDate "2022.04.06"]
[EventCountry "ISL"]
[SourceTitle "playchess.com"]
[Source "ChessBase"]
[SourceQuality "1"]
[TimeControl "40/5400+30:1800+30"]

1. c4 f5 2. d4 Nf6 3. Nc3 e6 4. Qc2 Be7 5. Nf3 O-O 6. Bg5 {[%emt 0:02:14] A85: Dutch Defence: 2 c4 Nf6 3 Nc3.} Ne4 7. Bxe7 Qxe7 8. e3 {[%emt 0:00:27] The position is equal.} Nxc3 9. Qxc3 b6 10. Be2 Bb7 {[%emt 0:02:32] [#]} 11. c5 $146 ({Predecessor:} 11. O-O c5 12. Rfd1 d6 13. dxc5 bxc5 14. b4 Nd7 15. Qd2 cxb4 16. Qxd6 Qxd6 17. Rxd6 Nc5 18. Nd4 Rfd8 19. Rxd8+ Rxd8 20. f3 Kf8 {½-½ (20) Hueser,U (1722)-Schrade,A GER email 2017}) 11... bxc5 12. dxc5 a5 13. O-O Bd5 14. Nd2 Na6 15. Qxa5 Nxc5 16. Qxc7 Rfc8 17. Qe5 d6 ({But not} 17... Qg5 18. Bf3 $16) ({Better is} 17... Na4 $11 18. Qd4 Qc5) 18. Qd4 $1 $14 Ra4 (18... Rxa2 $14 19. Rxa2 Bxa2) 19. b4 $16 {[%emt 0:04:22] [#] aiming for Bd1.} Qb7 (19... Nd7 $16 {was necessary.}) 20. a3 $18 Rca8 21. Qc3 Ne4 22. Nxe4 Bxe4 23. f3 Bd5 24. Bd1 R4a6 25. Bb3 (25. a4 $18) 25... Bxb3 $16 26. Qxb3 d5 27. a4 {[%emt 0:06:12] And now b5 would win.} Qa7 $2 {[%emt 0:00:13] Black cannot hold the game after this.} (27... f4 $16) 28. b5 $18 ({Less strong is} 28. a5 f4 $16) 28... Ra5 (28... Rxa4 $2 29. b6 Rxa1 30. bxa7 $18) 29. f4 Qb6 (29... Rxa4 $2 30. b6 Rxa1 31. bxa7 $18) 30. Rfc1 Qb7 (30... h6 31. Rc6 Qb7) 31. Qb4 {[%emt 0:02:12] [#] b6 is the strong threat. White is clearly winning.} Qb6 32. Kf2 Rb8 33. Rc5 {[%emt 0:01:14] Strongly threatening Rac1.} Qd8 34. Qd4 Rba8 35. g3 {[%emt 0:00:24] Against Qh4} h5 36. Rc6 Qd7 37. Qe5 {[%emt 0:01:17] Hoping for Rc7.} R8a7 {[%emt 0:02:57] Against Rc7} 38. Rxe6 {[%emt 0:00:46] Weighted Error Value: White=0.23 (precise) /Black=0.29 (precise)} 1-0

[Event "Reykjavik Open 2022"]
[Site "Reykjavik"]
[Date "2022.04.10"]
[Round "6.15"]
[White "Lim, Zhuo Ren"]
[Black "Laurent-Paoli, Pierre"]
[Result "0-1"]
[ECO "E07"]
[WhiteElo "2317"]
[BlackElo "2483"]
[Annotator "TA"]
[PlyCount "70"]
[EventDate "2022.04.06"]
[EventCountry "ISL"]
[SourceTitle "playchess.com"]
[Source "ChessBase"]
[SourceQuality "1"]
[TimeControl "40/5400+30:1800+30"]

1. Nf3 Nf6 2. c4 e6 3. g3 d5 4. d4 Be7 5. Bg2 O-O 6. Nc3 c6 7. O-O Nbd7 8. Qd3 b6 9. e4 Ba6 10. b3 dxc4 {[%emt 0:00:16] E07: Closed Catalan: Main Line (5 Nf3 0-0 6 0-0 Nbd7).} 11. bxc4 e5 12. dxe5 Ng4 {[%emt 0:01:18] The position is equal.} 13. Bf4 {[%emt 0:01:56] And now Rad1 would win.} g5 14. Rad1 gxf4 {[%emt 0:06:10] [#]} 15. gxf4 $146 {[%emt 0:03:14] [#]} (15. Qxd7 $11 Qxd7 16. Rxd7) ({Predecessor:} 15. Qxd7 Qxd7 16. Rxd7 Bb4 17. Bh3 h5 18. Ne2 Bxc4 19. Nxf4 Bxf1 20. Kxf1 Rfd8 21. Rc7 {1-0 (44) Banusz,T (2619)-Gordievsky,D (2579) chess24.com INT 2019}) 15... Ndxe5 $1 16. Nxe5 $11 Qxd3 17. Rxd3 (17. Nxd3 $11 {was the only way to keep the balance.} Bxc4 18. Rd2) 17... Nxe5 $17 {[%emt 0:00:32][%mdl 64] Remove Defender} 18. fxe5 Bxc4 19. Rg3+ Kh8 20. Re1 (20. Rc1 $17 {was worth a try.}) 20... Rad8 $19 21. Bf1 {[%emt 0:00:47] [#]} Be6 {[%emt 0:00:26] This bishop pair is nice.} 22. Ba6 Bh4 23. Rf3 Rd2 24. Re2 Rd7 25. h3 b5 {[%emt 0:02:53] Hoping for ...b4.} 26. Rb2 Rfd8 27. Rc2 Rd2 28. Rxd2 Rxd2 29. a3 {[%emt 0:00:27] [#]} Rc2 $1 30. Bxb5 cxb5 31. Nxb5 Rc5 32. Nd6 Rxe5 33. Nxf7+ Bxf7 34. Rxf7 Be7 35. f3 $2 (35. Kf1) 35... Kg8 {[%emt 0:00:38] Weighted Error Value: White=0.70/Black=0.08 (flawless)} 0-1

[Event "Reykjavik Open 2022"]
[Site "Reykjavik"]
[Date "2022.04.10"]
[Round "6.16"]
[White "Bjornsson, Sigurbjorn"]
[Black "Clarke, Brandon G I"]
[Result "0-1"]
[ECO "B90"]
[WhiteElo "2315"]
[BlackElo "2430"]
[Annotator "NA RC"]
[PlyCount "73"]
[EventDate "2022.04.06"]
[EventCountry "ISL"]
[SourceTitle "playchess.com"]
[Source "ChessBase"]
[SourceQuality "1"]
[TimeControl "40/5400+30:1800+30"]

1. e4 c5 2. Nf3 d6 3. d4 cxd4 4. Nxd4 Nf6 5. Nc3 a6 6. Be3 e5 7. Nb3 Be6 8. f3 Be7 9. Qd2 h5 10. O-O-O Nbd7 11. Kb1 Rc8 12. h3 b5 13. Bd3 h4 14. f4 Qc7 15. Rhe1 O-O 16. Qf2 b4 17. Nd5 Bxd5 18. exd5 Nxd5 19. Bf5 Nxe3 20. Rxe3 Rcd8 21. g3 Nf6 22. gxh4 Nh5 23. fxe5 dxe5 24. Rg1 Qb6 25. Be4 f5 26. Bd3 e4 27. Bc4+ Kh8 28. Qe1 g6 29. Qc1 Kh7 30. Be2 Nf4 31. h5 g5 32. h4 Nxe2 33. Rxe2 g4 34. Rf1 Bxh4 35. Qf4 Qb5 36. Rd2 Bg3 37. Qg5 0-1

[Event "Reykjavik Open 2022"]
[Site "Reykjavik"]
[Date "2022.04.10"]
[Round "6.17"]
[White "De Wachter, Matthias"]
[Black "Larkin, Vladyslav"]
[Result "1-0"]
[ECO "A41"]
[WhiteElo "2322"]
[BlackElo "2399"]
[Annotator "NA RC"]
[PlyCount "69"]
[EventDate "2022.04.06"]
[EventCountry "ISL"]
[SourceTitle "playchess.com"]
[Source "ChessBase"]
[SourceQuality "1"]
[TimeControl "40/5400+30:1800+30"]

1. d4 Nc6 2. Nf3 d6 3. d5 Ne5 4. Nxe5 dxe5 5. c4 e6 6. Nc3 Nf6 7. g3 exd5 8. cxd5 h6 9. Bg2 Bd6 10. O-O a6 11. h3 Qe7 12. e4 Bd7 13. Be3 O-O 14. Rc1 b5 15. Ne2 Rac8 16. g4 c6 17. dxc6 Bxc6 18. Ng3 Qe6 19. Qe2 Rfe8 20. Rfd1 Bf8 21. f3 Bb7 22. b3 Nd7 23. Nf5 Ba3 24. Rxc8 Rxc8 25. Qd2 Nf8 26. Qa5 Bb2 27. Rd6 Qe8 28. Qb6 Rb8 29. Qc7 Ba8 30. Rxa6 Bd4 31. Bxd4 exd4 32. Nd6 Qd8 33. Qxf7+ Kh7 34. Nf5 Qg5 35. Rxh6+ 1-0

[Event "Reykjavik Open 2022"]
[Site "Reykjavik"]
[Date "2022.04.10"]
[Round "6.18"]
[White "Korley, Kassa"]
[Black "Sigamoney, Cyril S"]
[Result "1-0"]
[ECO "D11"]
[WhiteElo "2399"]
[BlackElo "1960"]
[Annotator "NA RC"]
[PlyCount "79"]
[EventDate "2022.04.06"]
[EventCountry "ISL"]
[SourceTitle "playchess.com"]
[Source "ChessBase"]
[SourceQuality "1"]
[TimeControl "40/5400+30:1800+30"]

1. d4 d5 2. c4 c6 3. Nf3 Nf6 4. g3 a6 5. Bg2 dxc4 6. O-O Bf5 7. b3 c3 8. Nxc3 e6 9. Bb2 Be7 10. Ne5 h6 11. e4 Bh7 12. d5 exd5 13. exd5 O-O 14. dxc6 Nxc6 15. Nxc6 bxc6 16. Bxc6 Rb8 17. Qf3 Qd3 18. Qxd3 Bxd3 19. Rfd1 Rfd8 20. Rac1 Bb4 21. Nd5 Nxd5 22. Rxd3 Ne7 23. Bd7 Rbc8 24. Rxc8 Nxc8 25. a3 Be7 26. Bf5 Nd6 27. Bg4 f5 28. Be2 Rc8 29. Rc3 Rxc3 30. Bxc3 Nb5 31. Bxb5 axb5 32. a4 bxa4 33. bxa4 Bc5 34. a5 Kf7 35. Be5 Ba7 36. Bf4 Ke6 37. Be3 Bxe3 38. fxe3 Kd5 39. Kf2 g5 40. Kf3 1-0

[Event "Reykjavik Open 2022"]
[Site "Reykjavik"]
[Date "2022.04.10"]
[Round "6.19"]
[White "Tania, Sachdev"]
[Black "Vemparala, Nikash"]
[Result "1-0"]
[ECO "D36"]
[WhiteElo "2392"]
[BlackElo "1998"]
[Annotator "NA RC"]
[PlyCount "89"]
[EventDate "2022.04.06"]
[EventCountry "ISL"]
[SourceTitle "playchess.com"]
[Source "ChessBase"]
[SourceQuality "1"]
[TimeControl "40/5400+30:1800+30"]

1. d4 d5 2. Nf3 Nf6 3. c4 c6 4. Nc3 e6 5. Bg5 Nbd7 6. cxd5 exd5 7. e3 Bd6 8. Bd3 O-O 9. Qc2 h6 10. Bh4 Qc7 11. O-O Re8 12. Rab1 Ng4 13. Bg3 Bxg3 14. hxg3 Ngf6 15. b4 Qd6 16. Rfc1 a6 17. a4 Nf8 18. b5 axb5 19. axb5 Bd7 20. bxc6 bxc6 21. Na4 Rac8 22. Ne5 Rxe5 23. dxe5 Qxe5 24. Nb6 Rc7 25. Qa4 c5 26. Nxd7 N8xd7 27. Qa8+ Nf8 28. Rb8 N6d7 29. Re8 Qd6 30. Qd8 Rb7 31. Bf5 Qf6 32. Qc8 Rb8 33. Rxf8+ Nxf8 34. Qxb8 Qxf5 35. Rxc5 Qd3 36. Qb5 Qd1+ 37. Qf1 Qb3 38. Rb5 Qa2 39. Qd1 Ne6 40. Rxd5 Qb2 41. Ra5 Qb6 42. Ra8+ Kh7 43. Qc2+ g6 44. Qc8 Qb1+ 45. Kh2 1-0

[Event "Reykjavik Open 2022"]
[Site "Reykjavik"]
[Date "2022.04.10"]
[Round "6.20"]
[White "Bergsson, Stefan"]
[Black "Sadhwani, Raunak"]
[Result "0-1"]
[ECO "E71"]
[WhiteElo "2095"]
[BlackElo "2616"]
[Annotator "TA"]
[PlyCount "64"]
[EventDate "2022.04.06"]
[EventCountry "ISL"]
[SourceTitle "playchess.com"]
[Source "ChessBase"]
[SourceQuality "1"]
[TimeControl "40/5400+30:1800+30"]

1. d4 Nf6 2. c4 g6 3. Nc3 Bg7 4. e4 d6 5. h3 O-O 6. Be3 c6 7. Bd3 {[%emt 0:08:44] E71: King's Indian: 4 e4 d6 5 h3.} a6 8. Nge2 b5 9. cxb5 {[%emt 0:01:29] White has an edge.} axb5 {[%emt 0:00:40] [#]} 10. a3 $146 ({Predecessor:} 10. O-O Nbd7 11. a3 e5 12. d5 cxd5 13. exd5 b4 14. axb4 Bb7 15. Rxa8 Qxa8 16. Bb5 {0-1 (49) Vazquez,F (2207)-Chernobay,A (2490) Chess.com INT 2020}) 10... Bb7 11. O-O e5 12. Qd2 Nbd7 13. dxe5 Nxe5 14. f4 (14. Rfd1 $11 {keeps the balance.}) 14... Nxd3 $17 15. Qxd3 Qe7 (15... c5 {is interesting.} 16. e5 dxe5 17. Qxb5 Ba6) 16. Rad1 Rad8 17. Rfe1 Rfe8 18. Ng3 h5 19. Bb6 {[%emt 0:04:46] Hoping for e5.} Rd7 20. Bf2 Qd8 21. Bd4 h4 22. Nh1 (22. Nf1 $11) 22... c5 23. Bxf6 Qxf6 ({Much weaker is} 23... Bxf6 $6 24. e5 Bg7 25. Qxb5 $15) 24. Qxb5 Rde7 25. Rf1 (25. Nf2 $17 {keeps fighting.}) 25... Bxe4 $19 26. Nf2 {[%emt 0:03:13] [#]} Ba8 {[%emt 0:00:31] A strong pair of Bishops.} 27. f5 (27. Qc4) 27... Qxf5 28. Nfe4 (28. Ng4 $142 Qe6 29. Rd2) 28... Qe5 29. Rfe1 Qh5 ({And not} 29... Bxe4 30. Rxe4 Qg3 31. Qxe8+ Rxe8 32. Rxe8+ Kh7 33. Ne2 $17) 30. Nxd6 Rxe1+ 31. Kf2 {[%emt 0:00:24] [#]} Qxd1 (31... Bxc3 $142 $1 32. Qxe8+ Rxe8 33. Nxe8 Qxd1 34. bxc3 Qd2+ 35. Kf1 Bxg2+ 36. Kg1 Bxh3 37. Nf6+ Kh8 38. Kh1 Qg2#) 32. Nxe8 Bd4# {[%emt 0:00:04] Weighted Error Value: White=1.07/Black=0.52} 0-1

[Event "Reykjavik Open 2022"]
[Site "Reykjavik"]
[Date "2022.04.10"]
[Round "6.21"]
[White "Thorhallsson, Throstur"]
[Black "Cramling Bellon, Anna"]
[Result "1-0"]
[ECO "B22"]
[WhiteElo "2414"]
[BlackElo "2057"]
[Annotator "NA RC"]
[PlyCount "91"]
[EventDate "2022.04.06"]
[EventCountry "ISL"]
[SourceTitle "playchess.com"]
[Source "ChessBase"]
[SourceQuality "1"]
[TimeControl "40/5400+30:1800+30"]

1. e4 c5 2. Nf3 e6 3. c3 Nf6 4. e5 Nd5 5. g3 Nc6 6. Bg2 d6 7. exd6 Bxd6 8. O-O O-O 9. d4 cxd4 10. Nxd4 Nxd4 11. Qxd4 Qb6 12. Qd3 Bd7 13. Nd2 Bb5 14. c4 Nb4 15. Qe2 Bc6 16. Ne4 Be7 17. a3 Bxe4 18. Qxe4 Nc6 19. b4 Bf6 20. Be3 Qc7 21. Rad1 Rfd8 22. c5 a6 23. Bf3 Qe5 24. a4 Qxe4 25. Bxe4 Rxd1 26. Rxd1 Rd8 27. Rb1 Bd4 28. b5 axb5 29. axb5 Na5 30. c6 Bxe3 31. fxe3 f5 32. Bf3 bxc6 33. bxc6 Rc8 34. Rc1 Rc7 35. Rc5 Nb3 36. Rb5 Nd2 37. Rb8+ Kf7 38. Rb7 Nxf3+ 39. Kf2 Ne5 40. Rxc7+ Kf8 41. Rxg7 Nxc6 42. Rxh7 Ne5 43. h3 Nd3+ 44. Kf3 Kg8 45. Rc7 e5 46. Rd7 1-0

[Event "Reykjavik Open 2022"]
[Site "Reykjavik"]
[Date "2022.04.10"]
[Round "6.22"]
[White "Mai, Aron Thor"]
[Black "Thorfinnsson, Bragi"]
[Result "0-1"]
[ECO "B07"]
[WhiteElo "2081"]
[BlackElo "2419"]
[Annotator "NA RC"]
[PlyCount "96"]
[EventDate "2022.04.06"]
[EventCountry "ISL"]
[SourceTitle "playchess.com"]
[Source "ChessBase"]
[SourceQuality "1"]
[TimeControl "40/5400+30:1800+30"]

1. e4 d6 2. d4 Nf6 3. Nc3 Nbd7 4. h3 e5 5. Nge2 c6 6. g4 h6 7. Bg2 b5 8. O-O b4 9. Na4 Ba6 10. Re1 Bb5 11. b3 Bxa4 12. bxa4 c5 13. dxe5 dxe5 14. Ng3 g6 15. f4 Qc7 16. f5 c4 17. Qf3 Bc5+ 18. Kh1 h5 19. g5 Nh7 20. h4 O-O-O 21. Bf1 Bd4 22. Rb1 Bc3 23. Re3 Nb6 24. Rxc3 bxc3 25. a5 Na4 26. Rb4 Qxa5 27. Rxc4+ Kb8 28. Ba3 Rc8 29. Rb4+ Nb6 30. Rb3 Rhd8 31. Bb4 Qxa2 32. Bxc3 Rc5 33. Bd3 Ka8 34. Ne2 Nf8 35. Nc1 Qa4 36. Bb4 Rcc8 37. Qe2 Nfd7 38. Ba6 Nc5 39. Bxc8 Nxb3 40. Nxb3 Rxc8 41. Qd2 Qc6 42. Nc5 Na4 43. Nxa4 Qxa4 44. Qd5+ Qc6 45. c4 Qxd5 46. cxd5 Rc4 47. fxg6 fxg6 48. Be7 Rxe4 0-1

[Event "Reykjavik Open 2022"]
[Site "Reykjavik"]
[Date "2022.04.10"]
[Round "6.23"]
[White "Romanishin, Oleg M"]
[Black "Ritzka, Simon"]
[Result "1-0"]
[ECO "E06"]
[WhiteElo "2415"]
[BlackElo "2038"]
[Annotator "NA RC"]
[PlyCount "41"]
[EventDate "2022.04.06"]
[EventCountry "ISL"]
[SourceTitle "playchess.com"]
[Source "ChessBase"]
[SourceQuality "1"]
[TimeControl "40/5400+30:1800+30"]

1. Nf3 d5 2. g3 Nf6 3. Bg2 e6 4. c4 Be7 5. d4 O-O 6. Qc2 a6 7. Nbd2 c5 8. dxc5 Bxc5 9. O-O dxc4 10. Nxc4 b5 11. Nce5 Qc7 12. Be3 Bd6 13. Qxc7 Bxc7 14. Rac1 Nd5 15. Bc5 Re8 16. e4 Nf6 17. Bd4 Bd6 18. Nxf7 Kxf7 19. e5 Nd5 20. exd6 Nd7 21. Ng5+ 1-0

[Event "Reykjavik Open 2022"]
[Site "Reykjavik"]
[Date "2022.04.10"]
[Round "6.24"]
[White "Bosboom, Ardin"]
[Black "Willow, Jonah B"]
[Result "0-1"]
[ECO "E25"]
[WhiteElo "2090"]
[BlackElo "2365"]
[Annotator "NA RC"]
[PlyCount "64"]
[EventDate "2022.04.06"]
[EventCountry "ISL"]
[SourceTitle "playchess.com"]
[Source "ChessBase"]
[SourceQuality "1"]
[TimeControl "40/5400+30:1800+30"]

1. d4 Nf6 2. c4 e6 3. Nc3 Bb4 4. f3 d5 5. a3 Bxc3+ 6. bxc3 c5 7. cxd5 Nxd5 8. dxc5 f5 9. Nh3 Qa5 10. e4 fxe4 11. fxe4 Nf6 12. Nf2 Nbd7 13. Qd4 Nxc5 14. Qb4 Qxb4 15. cxb4 Ncxe4 16. Nxe4 Nxe4 17. Bd3 Nf6 18. O-O Bd7 19. Be3 O-O 20. b5 e5 21. Bc4+ Kh8 22. Rad1 Rac8 23. Be2 Rc2 24. Bd3 Rc3 25. Bxa7 Bg4 26. Rd2 Rd8 27. h3 Bh5 28. g4 Bg6 29. g5 Rcxd3 30. Rxd3 Bxd3 31. gxf6 Bxf1 32. f7 Bc4 0-1

[Event "Reykjavik Open 2022"]
[Site "Reykjavik"]
[Date "2022.04.10"]
[Round "6.25"]
[White "Jonsson, Gauti Pall"]
[Black "Baskin, Robert"]
[Result "0-1"]
[ECO "A85"]
[WhiteElo "2048"]
[BlackElo "2383"]
[Annotator "NA RC"]
[PlyCount "70"]
[EventDate "2022.04.06"]
[EventCountry "ISL"]
[SourceTitle "playchess.com"]
[Source "ChessBase"]
[SourceQuality "1"]
[TimeControl "40/5400+30:1800+30"]

1. c4 f5 2. d4 Nf6 3. Nc3 d6 4. Bg5 Nbd7 5. Qc2 g6 6. e4 fxe4 7. Nxe4 Bg7 8. Bd3 Nxe4 9. Bxe4 Bxd4 10. Ne2 Bg7 11. h4 Nc5 12. Ng3 c6 13. O-O O-O 14. h5 h6 15. Bd2 Nxe4 16. Qxe4 g5 17. f4 gxf4 18. Bxf4 Rf6 19. Rae1 Qf8 20. Bd2 e6 21. Bc3 e5 22. Qd3 Rf4 23. Rxf4 Qxf4 24. Rf1 Qg4 25. c5 d5 26. Nf5 Bxf5 27. Rxf5 Re8 28. Qf1 d4 29. Bd2 e4 30. Be1 d3 31. Rf4 Bd4+ 32. Kh1 Qxh5+ 33. Rh4 Qe2 34. Qf4 Qxe1+ 35. Kh2 Be5 0-1

[Event "Reykjavik Open 2022"]
[Site "Reykjavik"]
[Date "2022.04.10"]
[Round "6.26"]
[White "Briem, Benedikt"]
[Black "Martin, Julian"]
[Result "1/2-1/2"]
[ECO "E04"]
[WhiteElo "2079"]
[BlackElo "2388"]
[Annotator "TA"]
[PlyCount "158"]
[EventDate "2022.04.06"]
[EventCountry "ISL"]
[SourceTitle "playchess.com"]
[Source "ChessBase"]
[SourceQuality "1"]
[TimeControl "40/5400+30:1800+30"]

1. d4 Nf6 2. c4 e6 3. g3 Bb4+ 4. Nd2 O-O 5. Bg2 d5 6. Ngf3 dxc4 7. Qc2 b5 {[%emt 0:02:54] E04: Open Catalan: 5 Nf3.} 8. a4 $1 c6 9. axb5 cxb5 (9... Bb7 $14) 10. Ng5 $16 h6 11. h4 {[%emt 0:01:52][%cal Oe1f1] &Bianco is more active.} g6 $2 {[%emt 0:03:28] [#]} (11... hxg5 $2 12. hxg5 g6 13. gxf6 $18) (11... Qxd4 $16 12. Bxa8 a6) 12. Nxf7 $1 Rxf7 $18 13. Bxa8 {[%emt 0:02:02] And now Kf1 would win.} Kg7 14. O-O {[%emt 0:30:18] [#]} a5 $146 ({Predecessor:} 14... Qb6 15. Bg2 Bb7 16. Bxb7 Rxb7 17. Nf3 Nc6 18. Rd1 Bd6 19. Bf4 Bxf4 20. gxf4 Rf7 {1-0 (33) Karner,C (2322)-Taggatz,M (2331) Austria 2010}) 15. Nf3 {[%emt 0:06:15] Black must now prevent Ne5.} Nbd7 16. Bf4 Nd5 17. Be5+ Nxe5 18. Nxe5 (18. dxe5 $6 Bd7 $16) 18... Rf6 19. Nc6 Qb6 20. Nxb4 Nxb4 21. Qd2 Bd7 22. Ra3 Bc6 {[%emt 0:04:24] [#]} 23. Rfa1 $1 Bxa8 24. Rxa5 Bb7 25. Qxb4 (25. Ra7 $2 Nc6 26. Rxb7+ Qxb7 $19) 25... Qxd4 26. Qe1 (26. Qe7+ $2 Rf7 27. Qxf7+ (27. e3 $2 Qxb2 28. Qxf7+ Kxf7 $19) 27... Kxf7 $19) 26... Qxb2 (26... Qb6 $142 27. Ra7 Kg8) 27. Rb1 (27. Ra7 Rf7 $11) 27... Qd4 28. Rbxb5 Bd5 (28... Rf7 {was necessary.} 29. Ra3 e5) 29. Rc5 g5 30. h5 Rf5 31. Ra7+ Kf6 32. Qa1 (32. Rcc7 $1 $18 {and the rest is easy.} g4 33. Rf7+ Kg5 34. Qc1+ Kxh5 35. Rxf5+ exf5 36. Ra6) 32... Qxa1+ $16 33. Rxa1 {[%emt 0:00:02][%mdl 4096] Endgame KRR-KRB. The board is on fire.} Re5 34. Re1 {[%emt 0:00:53] Hoping for f3.} g4 {[%emt 0:00:30] Against f3} 35. e4 Rxe4 (35... Ke7 $142 36. Rc7+ Kd6) 36. Rxe4 $18 Bxe4 37. Rxc4 {[%emt 0:00:13] KR-KB} Bf3 (37... Bf5 38. f4 gxf3) 38. Rc8 Kg5 39. Rg8+ Kxh5 40. Kf1 Be4 41. Ke2 {[%emt 0:05:37] Strongly threatening Ke3.} Bg6 42. Ke3 {[%emt 0:03:06] Intending Kd4 and mate.} e5 43. Kd2 Kg5 44. Kc3 Kf5 $2 (44... Kf6 45. Kb4 Kf7) 45. Kb4 h5 46. Kc5 Bf7 47. Rf8 Ke6 48. Rb8 Kf5 49. Kd6 Ke4 50. Rb4+ $2 (50. Rb7 $18 Bg6 51. Rb3) 50... Kf3 $16 51. Kxe5 Kxf2 {[%emt 0:00:10] [#]} 52. Kf4 $1 {[%emt 0:03:39] White wants to mate with Rb2+.} ({Much weaker is} 52. Rf4+ $6 Kxg3 53. Rxf7 h4 $11) 52... Kg2 53. Rb7 Be8 54. Rb3 Kh3 55. Re3 Bf7 56. Re7 Bg6 57. Rg7 Be8 58. Ra7 Bg6 59. Re7 Kg2 60. Re2+ Kh3 61. Re6 Bf7 62. Rd6 Be8 63. Rd1 Bf7 64. Ra1 Be8 65. Ra3 Bf7 66. Re3 Kg2 67. Kg5 Kh3 68. Ra3 (68. Re7 $16 Bb3 69. Kf4 (69. Kxh5 Kxg3 70. Rg7 Bd1 $11)) 68... Be8 {[%emt 0:00:14] [#]} (68... h4 $1 $14) 69. Rc3 (69. Ra8 $1 $16 Bc6 70. Ra6) 69... Bf7 (69... h4 $1 $14) 70. Re3 (70. Kf4 $16) 70... Bd5 ({Black should play} 70... h4 $1 $14) 71. Rd3 ({Much worse is} 71. Kxh5 $6 Bf3 $11) ({White should try} 71. Re5 $16 Ba2 72. Re3) 71... Bf3 $11 {[%emt 0:02:22] The position is equal.} 72. Kf4 {[%emt 0:00:04] Threatening mate with Rd8.} h4 73. gxh4 Kxh4 74. Rd8 Kh3 75. Rh8+ Kg2 76. Rh6 Be2 77. Rb6 Kf2 78. Rb3 Bf3 79. Rb2+ Be2 {[%emt 0:00:07] Blacks defense is rewarded with a draw.  Weighted Error Value: White=0.28 (precise) /Black=0.23 (precise)} 1/2-1/2